 Dungeon Crawl Stone Soup version 0.23.0 (webtiles) character file.

Game seed: 10486956135656990997

1003 theswoord the Cleaver (level 8, -1/56 HPs)
             Began as a Demonspawn Gladiator on Feb 17, 2019.
             Killed from afar by an electric eel (11 damage)
             ... with a bolt of electricity
             ... on level 6 of the Dungeon.
             The game lasted 00:06:47 (4846 turns).

theswoord the Cleaver (Demonspawn Gladiator)        Turns: 4846, Time: 00:06:48

Health: -1/56      AC: 11    Str: 15    XL:     8   Next: 0%
Magic:  8/8        EV: 12    Int: 10    God:
Gold:   339        SH:  0    Dex: 16    Spells: 7/7 levels left

rFire    + . .     SeeInvis .   a - +1 war axe
rCold    . . .     Gourm    .   (no shield)
rNeg     . . .     Faith    .   r - +2 ring mail {rF+}
rPois    .         Spirit   .   (helmet restricted)
rElec    .         Reflect  .   (no cloak)
rCorr    .         Harm     .   (no gloves)
MR       .....                  l - +0 pair of boots
Stlth    ++........             (no amulet)
HPRegen  0.18/turn              (no ring)
MPRegen  0.11/turn              (no ring)

@: no status effects
A: horns 2, molten scales 2, nightstalker 1
a: no special abilities


You were on level 6 of the Dungeon.
You were not hungry.

You visited 1 branch of the dungeon, and saw 6 of its levels.

You collected 339 gold pieces.

Inventory:

Hand Weapons
 a - a +1 war axe (weapon)
Missiles
 d - 2 throwing nets (quivered)
Armour
 b - a +0 leather armour
 c - a +0 helmet
 g - a +0 ring mail
 l - a +0 pair of boots (worn)
 r - a +2 ring mail of fire resistance (worn)
Jewellery
 e - an uncursed amulet of the acrobat {unknown}
Scrolls
 m - 3 scrolls of identify
 n - a scroll of remove curse
Potions
 h - 3 potions of curing
 i - a potion of resistance
 j - 2 potions of cancellation
 p - 4 potions of heal wounds
 q - a potion of brilliance
 u - a potion of degeneration {unknown}
Comestibles
 f - 13 rations
 k - 2 chunks of flesh


   Skills:
 - Level 2.0 Fighting
 + Level 9.0 Axes
 - Level 1.7 Throwing
 - Level 2.6 Dodging


You had 7 spell levels left.
You didn't know any spells.
Your spell library was empty.

Dungeon Overview and Level Annotations

Branches:
Dungeon (6/15)
 Temple: D:4-7

Altars:
Gozag
Qazlal
Wu Jian


Innate Abilities, Weirdness & Mutations

You have a pair of horns on your head.
You are mostly covered in molten scales. (AC +3)
You are slightly more attuned to the shadows.


Message History

The bolt of electricity hits the electric eel.
The electric eel completely resists.
An electric eel comes into view.
You barely miss the electric eel. Your headbutt misses the electric eel.
The electric eel shoots out a bolt of lightning at you!
The bolt of electricity hits you! x2
* * * LOW HITPOINT WARNING * * *
The bolt of electricity hits the electric eel.
The electric eel completely resists.
You barely miss the electric eel. You headbutt the electric eel.
The electric eel shoots out a bolt of lightning at you!
The bolt of electricity hits the electric eel.
The electric eel completely resists.
The bolt of electricity hits you!
* * * LOW HITPOINT WARNING * * *
You slash the electric eel!
As you read the scroll labeled DEXZOD MIFRINE, it crumbles to dust.
The scroll dissolves into smoke.
It was a scroll of fog.
The electric eel shoots out a bolt of lightning at you!
The bolt of electricity hits you!
You die...

## ..# ##....## # ..##
#......##
♣≈≈#####..###.......###
♣≈.§§#..##...........
≈♣≈♣@§...............
≈≈≈≈;;♣§...............
≈≈≈♣§≈P§§........)....#
≈≈P≈≈≈P≈≈.......)....##
≈≈≈P≈≈≈≈.......)....##
≈≈P♣≈≈≈≈♣..............
≈≈≈≈≈≈♣♣............<..
≈≈≈♣♣................
≈♣♣.................#


You could see 2 electric eels.

Vanquished Creatures
  Menkaure (D:4)
  Duvessa (D:5)
  A centaur (D:5)
  2 ogres
  Dowan (D:5)
  2 scorpions (D:4)
  A howler monkey (D:4)
  A jelly (D:5)
  A centaur skeleton (D:5)
  An orc priest (D:3)
  2 orc wizards
  A worker ant (D:4)
  6 adders
  A shadow imp (D:5)
  2 oozes
  An adder zombie (D:5)
  An adder skeleton (D:4)
  2 worms (D:3)
  3 dart slugs
  4 leopard geckos
  5 orcs
  3 giant cockroaches
  9 goblins
  3 hobgoblins
  18 jackals
  8 kobolds
  2 quokkas (D:3)
  4 ball pythons
  9 bats
  3 frilled lizards
  10 rats
109 creatures vanquished.

Vanquished Creatures (others)
  An orc (D:6)
1 creature vanquished.

Grand Total: 110 creatures vanquished

Notes
Turn   | Place    | Note
-------+----------+-------------------------------------------
     0 | D:1      | theswoord the Demonspawn Gladiator began the quest for the
                  | Orb.
     0 | D:1      | Reached XP level 1. HP: 16/16 MP: 1/1
    37 | D:1      | Reached skill level 3 in Axes
    79 | D:1      | Gained mutation: You are partially covered in molten
                  | scales. (AC +2) [demonic ancestry]
    79 | D:1      | Reached XP level 2. HP: 14/22 MP: 2/2
   571 | D:1      | Gained mutation: You are mostly covered in molten scales.
                  | (AC +3) [demonic ancestry]
   571 | D:1      | Reached XP level 3. HP: 25/27 MP: 3/3
   815 | D:1      | Reached skill level 4 in Axes
  1750 | D:3      | Gained mutation: You are slightly more attuned to the
                  | shadows. [demonic ancestry]
  1750 | D:3      | Reached XP level 4. HP: 32/33 MP: 4/4
  1809 | D:3      | Found a stormy altar of Qazlal.
  1934 | D:3      | Found an ornate altar of the Wu Jian Council.
  1943 | D:3      | Reached skill level 5 in Axes
  1945 | D:3      | Reached XP level 5. HP: 20/38 MP: 5/5
  2632 | D:4      | Noticed Menkaure
  2811 | D:4      | Killed Menkaure
  2811 | D:4      | Reached skill level 6 in Axes
  2811 | D:4      | Gained mutation: You have a pair of small horns on your
                  | head. [demonic ancestry]
  2811 | D:4      | Reached XP level 6. HP: 24/44 MP: 6/6
  3612 | D:4      | Reached skill level 7 in Axes
  3737 | D:4      | Gained mutation: You have a pair of horns on your head.
                  | [demonic ancestry]
  3737 | D:4      | Reached XP level 7. HP: 50/50 MP: 7/7
  4084 | D:5      | Entered Level 5 of the Dungeon
  4101 | D:5      | Found an opulent altar of Gozag.
  4263 | D:5      | Noticed Duvessa
  4265 | D:5      | Noticed Dowan
  4276 | D:5      | Killed Duvessa
  4276 | D:5      | Reached skill level 8 in Axes
  4282 | D:5      | Killed Dowan
  4813 | D:6      | Reached skill level 9 in Axes
  4813 | D:6      | Reached XP level 8. HP: 56/56 MP: 8/8
  4846 | D:6      | Killed from afar by an electric eel

Skill      XL: |  1  2  3  4  5  6  7 |
---------------+----------------------+-----
Axes           | 3 4 5 6 7 9 |  9.0
Fighting       | |  2.0
Throwing       | |  1.7
Dodging        | |  2.6

Action                   |  1- 3 |  4- 6 |  7- 9 || total
-------------------------+-------+-------+-------++-------
Melee: War axe           |   154 |    98 |    66 ||   318
       Headbutt          |       |     6 |    10 ||    16
Throw: Throwing net      |       |     1 |       ||     1
  Use: Scroll            |     4 |     3 |     1 ||     8
       Potion            |       |     5 |     4 ||     9
 Stab: Sleeping          |       |     4 |     5 ||     9
  Eat: Chunk             |     3 |     5 |     5 ||    13
Armor: Leather armour    |    63 |       |       ||    63
       Ring mail         |    23 |    48 |    31 ||   102
Dodge: Dodged            |   128 |    66 |    35 ||   229

Levels and vault maps discovered:
D:1:      sevenhm_arrival_forest_fort_large_3, layout_loops_ring,
          wander_ebering_terrifying_dragon_lair
D:2:      layout_loops_ring, kennysheep_decorative_pillar
D:3:      layout_basic, lemuel_crystal_altar, grunt_qazlal_clouds, first_ration,
          minmay_door_square
D:4:      layout_layer_cave, uniq_menkaure
D:5:      layout_cave_pods, basic_altar, uniq_duvessa
D:6:      layout_layer_cave, serial_bayou_lake_a
